 Dungeon Crawl Stone Soup version 0.20-a0-1122-gb7cbeb9 (webtiles) character file.

93 Keye the Bolt Thrower (level 4, -4/26 HPs)
             Began as a Kobold Hunter on May 12, 2017.
             Slain by yrara's ghost (9 damage)
             ... on level 3 of the Dungeon.
             The game lasted 00:03:35 (2337 turns).

Keye the Bolt Thrower (Kobold Hunter)               Turns: 2337, Time: 00:03:35

Health: -4/26      AC:  4    Str: 10    XL:     4   Next: 92%
Magic:  4/4        EV: 14    Int: 12    God:
Gold:   221        SH:  0    Dex: 15    Spells: 3/3 levels left

rFire    . . .     SeeInvis .   a - +1 hand crossbow
rCold    . . .     Gourm    .   (shield restricted)
rNeg     . . .     Faith    .   c - +0 leather armour
rPois    .         Spirit   .   (no helmet)
rElec    .         Reflect  .   (no cloak)
rCorr    .         Harm     .   (no gloves)
MR       .....                  t - +0 pair of boots
Stlth    ++........             (no amulet)
Regen    0.1/turn               (no ring)
MPRegen  0.1/turn               (no ring)

@: no status effects
A: carnivore 3
a: no special abilities


You were on level 3 of the Dungeon.
You were very full.

You visited 1 branch of the dungeon, and saw 3 of its levels.

You collected 221 gold pieces.

Inventory:

Hand Weapons
 a - a +1 hand crossbow (weapon)
 b - a +0 short sword
 n - a +0 hunting sling
Missiles
 d - 34 bolts (quivered)
 o - 9 arrows
 p - 113 stones
 q - 8 sling bullets
 u - 5 needles of confusion
Armour
 c - a +0 leather armour (worn)
 t - a +0 pair of boots (worn)
Scrolls
 e - 6 scrolls of identify {unknown}
 g - a scroll of recharging {unknown}
 l - a scroll of remove curse {unknown}
 r - 4 scrolls of enchant weapon {unknown}
 s - a scroll of noise {unknown}
Potions
 h - a potion of degeneration {unknown}
 i - a potion of curing {unknown}
 j - a potion of lignification {unknown}
 k - a potion of brilliance {unknown}
 v - a potion of heal wounds {unknown}
Comestibles
 f - 4 meat rations
 m - a royal jelly


   Skills:
 - Level 2.1 Fighting
 + Level 7.1 Crossbows
 - Level 2.4 Dodging
 - Level 1.3 Stealth


You had 3 spell levels left.
You didn't know any spells.

Dungeon Overview and Level Annotations

Branches:
Dungeon (3/15)

Altars:

Annotations:
D:3 yrara's ghost, amateur DsFi


Innate Abilities, Weirdness & Mutations

You are small and have problems with some larger weapons.
You are carnivorous and can eat meat at any time.


Message History

Firing (i - inventory. (,) - cycle):
d - 37 bolts (quivered)
Press: ? - help, Shift-Dir - straight line, f/p - yrara's ghost
Aim: yrara's ghost (severely damaged)
You shoot a bolt.
The bolt completely misses yrara's ghost.
Yrara's ghost hits you but does no damage.
Firing (i - inventory. (,) - cycle):
d - 36 bolts (quivered)
Press: ? - help, Shift-Dir - straight line, f/p - yrara's ghost
Aim: yrara's ghost (heavily damaged)
You shoot a bolt. The bolt hits yrara's ghost.
Yrara's ghost is severely damaged.
Yrara's ghost misses you.
Firing (i - inventory. (,) - cycle):
d - 35 bolts (quivered)
Press: ? - help, Shift-Dir - straight line, f/p - yrara's ghost
Aim: yrara's ghost (severely damaged)
You shoot a bolt.
The bolt hits yrara's ghost but does no damage.
Yrara's ghost is severely damaged.
Yrara's ghost hits you!
You die...

##.##..## #....#
#..#.## ###.#.##
##...# ###...#.#
####.<###...###.#
#.........### #.#
#......#### #[#
#####..#### #.#
#......# .#
#.####@# #.. #W#
#.# #(# #. #.( #.
#.. ..() .(.(
####(


You could see yrara's ghost.

Vanquished Creatures
  3 gnolls (D:3)
  An adder (D:2)
  2 worms (D:2)
  2 dart slugs
  A leopard gecko (D:1)
  A giant cockroach (D:1)
  4 goblins
  6 hobgoblins
  A quokka (D:3)
  2 ball pythons
  5 bats
  7 frilled lizards
  9 kobolds
  6 rats
  A plant (D:1)
51 creatures vanquished.

Notes
Turn   | Place    | Note
-------+----------+-------------------------------------------
     0 | D:1      | Keye the Kobold Hunter began the quest for the Orb.
     0 | D:1      | Reached XP level 1. HP: 12/12 MP: 1/1
    11 | D:1      | Reached skill level 5 in Crossbows
    87 | D:1      | Reached XP level 2. HP: 17/17 MP: 2/2
   411 | D:1      | Reached XP level 3. HP: 21/21 MP: 3/3
  1138 | D:1      | Reached skill level 6 in Crossbows
  1407 | D:2      | Reached XP level 4. HP: 26/26 MP: 4/4
  2316 | D:3      | Noticed yrara's ghost (amateur DsFi)
  2319 | D:3      | Reached skill level 7 in Crossbows
  2337 | D:3      | Slain by yrara's ghost

Vault maps used:
D:1:      scummos_arrival_forest, serial_forest,
          infiniplex_forest_clump_diagonal, infiniplex_forest_lined_room_,
          infiniplex_forest_clump_large, infiniplex_forest_clump_small,
          infiniplex_forest_clump_double, infiniplex_forest_clump_medium,
          infiniplex_forest_clump_diagonal, infiniplex_forest_split,
          infiniplex_forest_split

Skill      XL: |  1  2  3  4 |
---------------+-------------+-----
Crossbows      | 5 6 7 |  7.1
Fighting       | |  2.1
Dodging        | |  2.4
Stealth        | |  1.3

Action                   |  1- 3 |  4- 6 || total
-------------------------+-------+-------++-------
Melee: Hand crossbow     |    70 |       ||    70
       Short sword       |    84 |       ||    84
 Fire: Hand crossbow     |    75 |    60 ||   135
  Eat: Chunk             |    10 |     2 ||    12
Armor: Leather armour    |     4 |     5 ||     9
Dodge: Dodged            |    10 |    18 ||    28
